General information
- name: 1v1 obs TR #6
- type: Custom game
- host: snarker
- saver: BEAR_AND
map: TurtleRock
- players: 12
- length: 19:05
- speed: Fast
- version: 1.21 W3XP
- replay type:

» download(87 KB)
Players
team 1 (loser)
hdpstc (
red | 83 APM | 1591 actions | 19:04)
3 Far Seer
2 Feral Spirit
1 Chain Lighting
2 Tauren Chieftain
1 Shockwave
1 Endurance Aura
» actions
| Assign group hotkey | 51 | |
| Basic commands | 48 | |
| Build / train | 80 | |
| Enter build submenu | 15 | |
| Enter hero's abilities submenu | 5 | |
| Give item / drop item | 1 | |
| Remove unit from queue | 3 | |
| Right click | 456 | |
| Select / deselect | 442 | |
| Select group hotkey | 374 | |
| Use ability | 116 | |
1591 total
» units
| Peon | 17 | |
| Grunt | 9 | |
| Spirit Walker | 5 | |
| Raider | 2 | |
| Demolisher | 5 | |
| Kodo Beast | 1 | |
39 total
» upgrades
| Berserker Strength | 1 | |
| Spirit Walker Training | 1 | |
| Ensnare | 1 | |
| Pillage | 1 | |
| Armor | 1 | |
5 total
» buildings
| Altar of Storms | 1 | |
| Orc Burrow | 5 | |
| Barracks | 1 | |
| Stronghold | 1 | |
| Voodoo Lounge | 2 | |
| War Mill | 1 | |
| Spirit Lodge | 2 | |
| Beastiary | 1 | |
14 total
» build order
00:07 Altar of Storms
00:19 Orc Burrow
00:34 Barracks
01:37 Orc Burrow
02:59 Stronghold
03:15 Voodoo Lounge
04:12 Orc Burrow
05:22 War Mill
05:41 Spirit Lodge
06:09 Spirit Lodge
06:44 Orc Burrow
07:20 Beastiary
12:22 Orc Burrow
17:46 Voodoo Lounge
» items
| Dust of Appearance | 1 | |
| Healing Salve | 11 | |
| Lesser Clarity Potion | 6 | |
| Scroll of Speed | 2 | |
| Potion of Healing | 1 | |
21 total
team 2 (winner)

»
TIMG4STRok (
blue | 214 APM | 4076 actions | 19:04)
4 Demon Hunter
2 Mana Burn
2 Evasion
4 Beastmaster
2 Summon Quilbeast
2 Summon Hawk
2 Goblin Tinker
1 Pocket Factory
1 Engineering Upgrade
» actions
| Assign group hotkey | 39 | |
| Basic commands | 76 | |
| Build / train | 71 | |
| ESC pressed | 3 | |
| Enter build submenu | 15 | |
| Enter hero's abilities submenu | 10 | |
| Give item / drop item | 3 | |
| Right click | 2377 | |
| Select / deselect | 268 | |
| Select group hotkey | 1107 | |
| Use ability | 107 | |
4076 total
» units
| Wisp | 16 | |
| Archer | 12 | |
| Druid of the Talon | 10 | |
38 total
» upgrades
| Druid of the Talon Training | 2 | |
| Improved Bows | 2 | |
| Well Spring | 1 | |
| Marksmanship | 1 | |
6 total
» buildings
| Altar of Elders | 3 | |
| Moon Well | 5 | |
| Ancient of War | 2 | |
| Tree of Ages | 1 | |
| Ancient of Wonders | 1 | |
| Ancient of Wind | 3 | |
| Tree of Eternity | 1 | |
| Hunter's Hall | 1 | |
17 total
» build order
00:03 Altar of Elders
00:07 Altar of Elders
00:19 Moon Well
00:38 Ancient of War
01:38 Moon Well
03:09 Moon Well
03:58 Tree of Ages
05:19 Ancient of Wonders
05:29 Moon Well
06:39 Ancient of Wind
06:40 Ancient of Wind
06:41 Tree of Eternity
08:29 Ancient of Wind
12:39 Altar of Elders
12:41 Ancient of War
12:50 Hunter's Hall
16:55 Moon Well
» items
| Periapt of Vitality | 1 | |
| Boots of Speed | 1 | |
| Orb of Venom | 1 | |
| Potion of Healing | 3 | |
| Staff of Preservation | 1 | |
| Scroll of Healing | 1 | |
| Scroll of Town Portal | 1 | |
9 total
observerssnarker,
jello21,
BEAR_AND,
royceroyce2001,
a)list,
Kais,
Young.Money,
rustycag3,
cmbeyer3,
DIRTMCGIRT Chat log
(01:00 / Observers) snarker: far seer
(01:01 / Observers) snarker: 100%
(01:13 / Observers) snarker: oh
(01:15 / Observers) snarker: >:[
(01:26 / Observers) snarker: haha
(02:58 / Observers) a)list: lol
(03:02 / Observers) snarker: lag prob
(03:03 / Observers) royceroyce2001: anything interesting in this game?
(03:03 / Observers) a)list: missed the detenate
(03:18 / Observers) a)list: not yet
(03:55 / Observers) cmbeyer3: blue is pretty good
(04:11 / Observers) snarker: yo bear
(04:14 / Observers) BEAR_AND: yea
(04:20 / Observers) snarker: whats the optimum bm inventory
(04:22 / Observers) royceroyce2001: oh bear_and is in the game
(04:24 / Observers) BEAR_AND: what map
(04:28 / Observers) snarker: boot, orb, 1 glove 3 claw?
(04:35 / Observers) snarker: given only gloves and claws 6
(04:39 / Observers) BEAR_AND: oh
(04:48 / Observers) BEAR_AND: yeah i'd say 1 glove
(04:50 / Observers) snarker: no claws 12 or something ridiculous
(05:05 / Observers) snarker: bc maps like lt drop tons of that stuff
(05:07 / Observers) BEAR_AND: grubby and lyn go 1 glove three claws on echo somtimes
(05:10 / Observers) snarker: and i always wonder what to keep
(05:12 / Observers) a)list: wow
(05:15 / Observers) a)list: lol
(05:20 / Observers) a)list: can't believe he didnt get it
(05:30 / Observers) rustycag3: reds slow
(05:33 / Observers) DIRTMCGIRT: aight im out peace niggas
(05:36 / Observers) rustycag3: he had dh
(05:37 / Observers) snarker: laters d.m.g.
(05:39 / Observers) BEAR_AND: good night dmg
(06:32 / Observers) rustycag3: i want blues cheap ass dead
(06:36 / Observers) Kais: Against hu yeh
(06:37 / Observers) cmbeyer3: why is blue cheap
(06:40 / Observers) cmbeyer3: hes good
(06:41 / Observers) BEAR_AND: you are fucking retarded
(06:46 / Observers) rustycag3: i hate ne?
(06:54 / Observers) Kais: Who me?
(06:57 / Observers) BEAR_AND: yes
(06:58 / Observers) BEAR_AND: kais
(07:06 / Observers) Kais: Okay?
(07:10 / Observers) Kais: I care why?
(07:19 / All) TIMG4STRok: god fuckin
(07:20 / Observers) rustycag3: monkeys?
(08:16 / Observers) BEAR_AND: ownage...
(09:19 / Observers) cmbeyer3: free archer
(10:18 / Observers) royceroyce2001: is time 4 a joke losing
(11:38 / Observers) a)list: get tanked lolol
(12:36 / Observers) snarker: timg hasnt lost in a game of mine yet t_t
(12:45 / Observers) BEAR_AND: mr. gastrok....nice....
(13:19 / Observers) royceroyce2001: Gaz Boartusk shoulds pretty chill
(15:23 / Observers) rustycag3: red got raped
(15:37 / Observers) a)list: big time
(17:04 / Observers) a)list: why the hell would you go kodos...
(17:13 / Observers) rustycag3: lol
(17:13 / Observers) BEAR_AND: one for aura
(17:44 / Observers) royceroyce2001: background burrow snipe
(17:54 / Observers) snarker: BACKDOOR
(17:55 / Observers) snarker: BANNED
(18:16 / Observers) BEAR_AND: see ya...wouldn't want to be ya....
(18:31 / Observers) rustycag3: you think thats clever?
(18:39 / Observers) BEAR_AND: u want to 1v1?
(18:41 / Observers) royceroyce2001: tauren chieftain is so big how can 10 food feed an army of 48
(18:43 / Observers) rustycag3: no
(18:47 / Observers) BEAR_AND: then STFU
(18:59 / All) hdpstc: lol
(19:00 / All) hdpstc: gg
(19:02 / All) TIMG4STRok: Gg